 Dungeon Crawl Stone Soup version 0.28-a0-793-g31680bbd8b (webtiles) character file.

Game seed: 5119678935991347863

1320 Zbetzen the Covert (level 8, -3/36 HPs)
             Began as a Spriggan Enchanter on Nov 5, 2021.
             Was a Follower of Dithmenos.
             Slain by a gnoll (6 damage)
             ... on level 6 of the Dungeon.
             The game lasted 00:14:50 (7409 turns).

Zbetzen the Covert (Spriggan Enchanter)             Turns: 7409, Time: 00:14:50

Health: -3/36      AC:  2    Str:  6    XL:     8   Next: 33%
Magic:  18/20      EV: 17    Int: 17    God:    Dithmenos [*.....]
Gold:   177        SH:  0    Dex: 15    Spells: 14/22 levels left

rFire   . . .      SeeInvis +   f - +5 rapier (elec)
rCold   . . .      Faith    .   (shield restricted)
rNeg    . . .      Spirit   .   b - +0 robe
rPois   .          Reflect  .   (helmet restricted)
rElec   .          Harm     .   (no cloak)
rCorr   +          Rampage  .   (gloves unavailable)
Will    +....                   (boots unavailable)
Stlth   +++++.....              (no amulet)
HPRegen 0.12/turn               q - ring of resist corrosion
MPRegen 0.17/turn               (no ring)

@: attractive, wreathed by umbra, very quick
A: very small, no large weapons, unfitting armour, see invisible, speed 3
a: Renounce Religion


You were on level 6 of the Dungeon.
You worshipped Dithmenos.
Dithmenos was aware of your devotion.
You visited 2 branches of the dungeon, and saw 7 of its levels.

You collected 177 gold pieces.

Inventory:

Hand Weapons
 a - a +2 dagger
 f - a +5 rapier of electrocution (weapon)
Missiles
 g - 20 poisoned darts (quivered)
Armour
 b - a +0 robe (worn)
Jewellery
 q - a ring of resist corrosion (left hand)
Wands
 l - a wand of mindburst (8)
 n - a wand of iceblast (12)
 r - a wand of flame (20)
Scrolls
 d - a scroll of teleportation
 e - a scroll of amnesia
 k - 2 scrolls of immolation
 o - a scroll of blinking
Potions
 h - a potion of lignification
 i - a potion of brilliance
 m - a potion of ambrosia {unknown}
 p - a potion of curing {unknown}
 t - a potion of invisibility


   Skills:
 - Level 1.1 Short Blades
 - Level 2.6 Dodging
 + Level 9.7 Stealth
 + Level 7.5 Spellcasting
 + Level 8.2 Hexes


You had 14 spell levels left.
You knew the following spells:

 Your Spells              Type           Power      Damage    Failure   Level
a - Ensorcelled Hibernat  Hex/Ice        40%        N/A       3%          2
b - Tukima's Dance        Hex            34%        N/A       1%          3
c - Dazzling Flash        Conj/Hex       40%        N/A       6%          3

Your spell library contained the following spells:

 Spells                   Type           Power      Damage    Failure   Level
 Confusing Touch          Hex            34%        N/A       1%          3
 Portal Projectile        Hex/Tloc       40%        N/A       6%          3
 Freeze                   Ice            24%        1d5       11%         1
 Conjure Flame            Conj/Fire      6%         6-21      32%         3
 Frozen Ramparts          Ice            12%        1d3       32%         3
 Ignite Poison            Fire/Tmut/Pois 6%         N/A       32%         3
 Hailstorm                Conj/Ice       6%         3d4       73%         4
 Sticky Flame             Conj/Fire      6%         2d3       73%         4
 Blade Hands              Tmut           3%         N/A       97%         5
 Excruciating Wounds      Necr           3%         N/A       97%         5


Dungeon Overview and Level Annotations

Branches:
Dungeon (6/15)             Temple (1/1) D:4

Altars:
Ashenzari
Cheibriados
Dithmenos
Elyvilon
Fedhas
Gozag
Hepliaklqana
Kikubaaqudgha
Nemelex Xobeh
Qazlal
Ru
Sif Muna
Vehumet
Wu Jian
Xom
Zin

Shops:
D:4 (

Annotations:
D:6 Maggie


Innate Abilities, Weirdness & Mutations

You are very small and have problems with some larger weapons.
You are too small for most types of armour.
You have supernaturally acute eyesight. (SInv)
You cover ground extremely quickly. (Speed+++)


Message History

The water moccasin skeleton is severely damaged.
The water moccasin skeleton bites you.
The gnoll shaman hits you but does no damage.
You barely miss the water moccasin skeleton.
The water moccasin skeleton is severely damaged.
The water moccasin skeleton bites you but does no damage.
The gnoll barely misses you. The gnoll shaman closely misses you.
The water moccasin skeleton completely misses you.
You puncture the gnoll!
The gnoll is severely wounded.
The gnoll hits you with a +0 club.
The gnoll shaman calls upon its god to speed up something.
You hit the gnoll.
You kill the gnoll!
Dithmenos accepts your kill.
The gnoll hits you from afar with a +0 spear!
You are too injured to fight recklessly!
Unknown command.
You barely miss the water moccasin skeleton.
The water moccasin skeleton is severely damaged.
The water moccasin skeleton closely misses you.
The gnoll hits you from afar with a +0 spear.
Casting: Dazzling Flash (dangerous; 6% risk of failure)
Confirm with . or Enter, or press ? or * to list all spells.
Aiming: Ensorcelled Hibernation (safe; 3% risk of failure)
Press: ? - help, Shift-Dir - straight line, f - gnoll shaman
Aim: a gnoll shaman, wearing a +0 robe (umbra, chance to affect: 50%)
The gnoll shaman looks drowsy...
The gnoll barely misses you. x2
The helpless gnoll shaman fails to defend itself.
You perforate the gnoll shaman like a sieve!!!
You kill the gnoll shaman!
Dithmenos accepts your kill. The gnoll completely misses you.
The gnoll hits you from afar with a +0 spear!
* * * LOW HITPOINT WARNING * * *
It was a potion of attraction.
You feel attractive to monsters. The water moccasin skeleton misses you.
The gnoll hits you from afar with a +0 spear.
You die...

#..##... #..##..#
#..##..# #...#..##
#..... #...#...#
#.....#####..##...#
#.....#.)##..##..# #
#.....#......@Z..# .##
#.....#..##..##g.# ....
#.....#'###..##..##..#
#.....#..######......#
#.....'..#.[..#g.....#..
#.....#..#....#..#####..
#.....#..#....#'##......
#.....####............#
#.....# #............#


You could see a gnoll (fast) and a water moccasin skeleton.

Vanquished Creatures
  A water moccasin (D:5)
  2 ice beasts (D:5)
  2 ogres (D:5)
  A scorpion (D:5)
  A water moccasin zombie (D:5)
  A water moccasin skeleton (D:5)
  A howler monkey (D:5)
  A centaur zombie (D:5)
  A crimson imp (D:5)
  2 hounds
  A jelly (D:5)
  A gnoll shaman (D:6)
  2 iguanas (D:4)
  An orc wizard (D:4)
  A hound skeleton (D:4)
  6 adders
  3 gnolls (D:6)
  2 white imps (D:5)
  An adder zombie (D:5)
  2 worms
  4 dart slugs
  10 orcs
  8 ball pythons
  8 bats
  7 endoplasms
  4 giant cockroaches
  5 goblins
  6 hobgoblins
  6 jackals (D:3)
  7 kobolds
  6 quokkas
  2 frilled lizards
  6 rats
112 creatures vanquished.

Vanquished Creatures (collateral kills)
  Sigmund (D:3)
  Jessica (D:3)
2 creatures vanquished.

Vanquished Creatures (others)
  4 dancing weapons
  5 fungi (D:1)
  17 plants
26 creatures vanquished.

Grand Total: 140 creatures vanquished

Notes
Turn   | Place    | Note
-------+----------+-------------------------------------------
     0 | D:1      | Zbetzen the Spriggan Enchanter began the quest for the Orb.
     0 | D:1      | Reached XP level 1. HP: 9/9 MP: 5/5
   318 | D:1      | Found a faded altar of an unknown god.
   885 | D:1      | Reached XP level 2. HP: 13/13 MP: 6/6
   888 | D:1      | Learned a level 2 spell: Ensorcelled Hibernation
   991 | D:1      | You fall into a shaft and drop 1 floor!
  1630 | D:1      | Reached XP level 3. HP: 16/16 MP: 8/8
  1634 | D:1      | Learned a level 3 spell: Tukima's Dance
  1638 | D:1      | Learned a level 3 spell: Dazzling Flash
  2151 | D:2      | Reached skill level 5 in Hexes
  2738 | D:2      | Reached XP level 4. HP: 21/21 MP: 7/10
  3063 | D:3      | Found a snail-covered altar of Cheibriados.
  3323 | D:3      | Noticed Jessica
  3323 | D:3      | Noticed Sigmund
  3340 | D:3      | Killed Sigmund
  3341 | D:3      | Reached skill level 5 in Spellcasting
  3341 | D:3      | Reached XP level 5. HP: 24/24 MP: 3/13
  3536 | D:3      | Killed Jessica
  3684 | D:3      | Found a shimmering blue altar of Sif Muna.
  3917 | D:3      | Reached XP level 6. HP: 28/28 MP: 15/15
  4554 | D:4      | Reached skill level 5 in Stealth
  4616 | D:4      | Identified a scroll of acquirement
  4616 | D:4      | Acquired a +4 rapier of electrocution
  4633 | D:4      | Found a staircase to the Ecumenical Temple.
  4693 | Temple   | Entered the Ecumenical Temple
  4752 | Temple   | Became a worshipper of Dithmenos the Shadowed
  5165 | D:4      | Found Ebempyx's Weapon Shoppe.
  5439 | D:5      | Entered Level 5 of the Dungeon
  5439 | D:5      | Noticed a water moccasin
  5447 | D:5      | Killed a water moccasin
  5448 | D:5      | Reached skill level 6 in Stealth
  5448 | D:5      | Reached XP level 7. HP: 32/32 MP: 13/17
  5803 | D:5      | Reached skill level 7 in Stealth
  5941 | D:5      | Reached skill level 8 in Stealth
  6138 | D:5      | Reached * piety under Dithmenos
  6139 | D:5      | Reached XP level 8. HP: 23/36 MP: 11/19
  6149 | D:5      | Reached skill level 9 in Stealth
  7001 | D:6      | Noticed Maggie
  7409 | D:6      | Slain by a gnoll

Illustrated notes

Levels and vault maps discovered:
D:1:      dpeg_arrival_houses_and_road, layout_basic,
          dreamdust_ecumenical_altar_grove, serial_bayou_ford_a
D:2:      layout_rooms, serial_bayou_lake_a
D:3:      layout_rooms, chei_slow_surprise, tgw_sif, hex_tiny, uniq_sigmund
D:4:      layout_rooms, temple_pool_b, serial_shops, kennysheep_little_box
D:5:      minmay_evil_eye, layout_basic, minmay_fire_ice_demons
D:6:      layout_gridville, uniq_maggie
Temple:   kb_temple_of_zot

Skill      XL: |  1  2  3  4  5  6  7  8 |
---------------+-------------------------+-----
Hexes          | 4 5 6 7 8 |  8.2
Spellcasting   | 3 5 6 7 |  7.5
Stealth        | 6 8 9 |  9.7
Short Blades   | |  1.1
Dodging        | |  2.6

Action                   |  1- 3 |  4- 6 |  7- 9 || total
-------------------------+-------+-------+-------++-------
Melee: Dagger            |   123 |   114 |       ||   237
       Rapier            |       |    38 |    87 ||   125
 Cast: Ensorcelled Hiber |    17 |    17 |    11 ||    45
       Tukima's Dance    |     1 |     4 |     9 ||    14
       Dazzling Flash    |       |       |     6 ||     6
  Use: Scroll            |     3 |     8 |     1 ||    12
       Potion            |     2 |       |     2 ||     4
 Stab: Sleeping          |    26 |    16 |    12 ||    54
       Invisible         |       |       |     1 ||     1
Armor: Robe              |    18 |    12 |    13 ||    43
Dodge: Dodged            |   108 |   110 |    96 ||   314

Table legend: (Time is in decaauts)
 A = Elapsed time spent in this place.
 B = Non-inter-level travel time spent in this place.
 C = Inter-level travel time spent in this place.
 D = Time resting spent in this place.
 E = Time spent auto-exploring this place.
 F = Levels seen in this place.
 G = Mean time per level.
                   A        B        C        D        E       F      G
               +--------+--------+--------+--------+--------+-----+--------+
         Total |   6201 |   6065 |    136 |   1558 |   3440 |   7 |  885.9 |
       Dungeon |   6138 |   6029 |    109 |   1558 |   3414 |   6 | 1023.0 |
        Temple |     62 |     36 |     26 |      0 |     25 |   1 |   62.0 |
               +--------+--------+--------+--------+--------+-----+--------+

Top non-repeatable levels by time:
     D:1: 1698 daAuts
     D:3: 1237 daAuts
     D:5: 1190 daAuts
     D:4: 1158 daAuts
     D:2: 760 daAuts
     D:6: 94 daAuts
  Temple: 62 daAuts
